Saguenéens vs Inferno

Created - 15 janvier 2017 at 19:53

Goals
1 2 3 T
Saguenéens 0 2 2 4
Inferno 0 2 0 2
Shots
1 2 3 T
Saguenéens 7 17 14 38
Inferno 9 17 15 41

1st period

No Goal

Penalties :
Anders Lee (Anc) for Tripping (Minor) at 5:31, Vladimir Zharkov (Anc) for Cross-checking (Minor) at 13:14

2nd period

1. Inferno , Vladimir Sobotka 12 (Kyle Palmieri, Josh Harding) at 2:52
2. Saguenéens , Tyler Kennedy 30 (Mason Raymond, Erik Haula) at 16:53
3. Saguenéens , Brett Lebda 2 (Tyler Kennedy, Roman Josi) at 19:14 (PP)
4. Inferno , Vladimir Sobotka 13 (Kyle Palmieri, Colby Robak) at 19:43

Penalties :
Colby Robak (Anc) for Hooking (Minor) at 6:29, Christian Folin (Anc) for Hooking (Minor) at 18:06

3rd period

5. Saguenéens , Craig Cunningham 4 (Teemu Pulkkinen, Rickard Rakell) at 5:32
6. Saguenéens , Spencer Machacek 15 (Juraj Mikus) at 12:33 (SH)

Penalties :
Teemu Pulkkinen (Chi) for Holding (Minor) at 3:24, Juraj Mikus (Chi) for Hooking (Minor) at 9:58, Mason Raymond (Chi) for High sticking (Minor) at 10:46

Goalie Stats

Martin Jones (Chi), 39 saves from 41 shots - (0,951), W, 2-1-0, 60:00 minutes
Josh Harding (Anc), 34 saves from 38 shots - (0,895), L, 15-7-5, 60:00 minutes

Players Stats for Saguenéens

Player Name              G  A  P  +/- PIM S  H  SB GA TA FO     MP     PP MP  PK MP  
------------------------------------------------------------------------------------
Brett Lebda              1  0  1   0  0   6  4  0  0  0  0/0    28:04   3:59   2:30 
Brian Sutherby           0  0  0  -1  0   4  1  0  2  0  14/16  18:43   3:08   2:33 
Craig Cunningham         1  0  1   1  0   5  2  1  0  0  0/0    13:38   0:36   0:39 
Dalton Prout             0  0  0   1  0   4  0  2  0  1  0/0    21:33   3:06   2:16 
Erik Haula               0  1  1   0  0   1  0  1  0  1  14/28  18:31   2:50   0:00 
Juraj Mikus              0  1  1   1  2   2  3  0  1  2  3/4    13:24   0:00   1:01 
Kevin Marshall           0  0  0   0  0   0  1  0  0  1  0/0    28:04   3:59   2:30 
Luke Witkowski           0  0  0   0  0   0  2  0  0  0  0/0    10:23   0:00   0:00 
Mason Raymond            0  1  1   0  2   2  0  0  0  0  2/4    20:32   4:06   0:40 
Oscar Klefbom            0  0  0   0  0   0  0  0  0  1  0/0    10:23   0:00   0:00 
Rhett Rakhshani          0  0  0   0  0   0  0  0  0  0  0/1     8:11   0:51   0:00 
Rickard Rakell           0  1  1   1  0   0  2  0  0  0  1/4     7:25   0:03   0:23 
Roman Josi               0  1  1   1  0   2  0  1  0  0  0/0    21:33   3:06   2:16 
Spencer Machacek         1  0  1   0  0   4  5  0  1  0  0/0    16:00   2:16   0:52 
Teemu Pulkkinen          0  1  1   1  2   0  0  0  0  0  0/1     6:58   0:00   0:00 
Tim Kennedy              0  0  0  -1  0   0  1  0  0  0  0/0    15:03   2:20   0:00 
Tyler Kennedy            1  1  2   0  0   4  0  0  1  0  0/2    22:04   4:06   2:12 
Tyler Pitlick            0  0  0   0  0   4  2  0  0  0  0/1    13:31   0:59   0:00 

Players Stats for Inferno

Player Name              G  A  P  +/- PIM S  H  SB GA TA FO     MP     PP MP  PK MP  
------------------------------------------------------------------------------------
Anders Lee               0  0  0   0  2   1  1  1  0  0  1/2     6:33   0:00   0:00 
Beau Bennett             0  0  0   0  0   3  2  1  0  0  0/0    12:09   0:00   0:00 
Brendan Mikkelson        0  0  0   0  0   1  1  3  0  2  0/0    25:48   2:56   4:11 
Cal O'Reilly             0  0  0   0  0   0  1  0  1  0  2/6    12:09   0:00   0:00 
Chris Brown              0  0  0  -1  0   0  0  0  0  0  0/0     0:18   0:02   0:00 
Christian Folin          0  0  0   0  2   0  0  0  0  0  0/0     3:56   0:00   0:00 
Colby Robak              0  1  1   0  2   1  0  2  0  0  0/0    24:20   2:56   2:46 
David Ullstrom           0  0  0  -1  0   0  1  2  0  0  1/1    14:44   2:14   0:00 
Derek Peltier            0  0  0  -1  0   2  1  2  0  0  0/0    19:28   1:50   2:13 
Frank Corrado            0  0  0   0  0   0  0  0  0  0  0/0     1:55   0:00   1:55 
Kyle Palmieri            0  2  2  -1  0   1  3  0  1  0  0/0    14:35   2:05   0:00 
Luca Sbisa               0  0  0   0  0   0  0  0  0  0  0/0     0:00   0:00   0:00 
Mathieu Brodeur          0  0  0   0  0   0  0  0  0  0  0/0     3:57   0:00   0:00 
Matt Kassian             0  0  0   0  0   0  2  1  0  1  1/1    12:09   0:00   0:00 
Matthew Nieto            0  0  0   0  0   0  0  0  0  0  0/0     7:02   0:00   0:23 
Mikhail Grabovski        0  0  0   1  0   10 0  3  0  0  14/31  23:22   2:30   4:29 
Ryan Spooner             0  0  0   0  0   0  0  0  0  0  0/0     1:32   0:00   1:08 
Sami Vatanen             0  0  0  -1  0   5  0  1  0  2  0/0    19:28   1:50   2:13 
Simon Danis-Pepin        0  0  0   0  0   1  1  0  1  0  0/0    11:05   0:00   0:52 
Stephane Veilleux        0  0  0   1  0   7  0  0  1  0  1/3    23:13   2:30   4:29 
Tyler Shattock           0  0  0  -1  0   0  0  0  0  0  0/0     6:45   0:02   0:00 
Victor Rask              0  0  0  -1  0   0  0  0  0  0  0/0     0:36   0:11   0:00 
Vladimir Sobotka         2  0  2  -1  0   5  1  0  1  0  5/15   17:09   2:14   2:13 
Vladimir Zharkov         0  0  0   1  2   4  3  0  1  0  2/2    20:32   2:30   1:28 
Zach Redmond             0  0  0   0  0   0  0  0  0  0  0/0    10:06   0:00   0:00 

3 Stars

1 - Vladimir Sobotka (Anc)
2 - Spencer Machacek (Chi)
3 - Craig Cunningham (Chi)

Power Play

Saguenéens - 1 on 4 Attempt(s) - 25,00%
Inferno - 0 on 3 Attempt(s) - 0,00%

Penalty Kill

Saguenéens - 3 on 3 Attempt(s) - 100,00% - Score 1 goal in Penalty Kill
Inferno - 3 on 4 Attempt(s) - 75,00% - Score 0 goal in Penalty Kill

Team Stat

Saguenéens - Hits : 23 - Faceoff Wins : 34 - Blocked Shots : 5 - Penalty Minutes : 6
Inferno - Hits : 17 - Faceoff Wins : 27 - Blocked Shots : 16 - Penalty Minutes : 8

Official

Referees : Lee Chris and Watson Brad
Linesman : Brad Kovachik and Scott Cherrey

Game Notes

No Game Note

Finance

Level 1 -- Attendance: 1364 (68,20%) -- Ticket Income 47 740 $
Level 2 -- Attendance: 689 (68,90%) -- Ticket Income 10 335 $
Total Attendance: 2053 (68,43%)
Total Ticket Income: 58 075 $
Other Income: 2 904 $
Total Income: 60 979 $

Saguenéens

5 vs 5 Forward 
   Center                   Left Wing                Right Wing               Time % Phy DF OF 
 1 Erik Haula               Mason Raymond            Tyler Kennedy            40     1   2  2  
 2 Brian Sutherby           Tim Kennedy              Spencer Machacek         30     1   2  2  
 3 Juraj Mikus              Craig Cunningham         Tyler Pitlick            20     1   2  2  
 4 Rickard Rakell           Teemu Pulkkinen          Rhett Rakhshani          10     1   2  2  

5 vs 5 Defense 
   Defense                  Defense                                           Time % Phy DF OF 
 1 Brett Lebda              Kevin Marshall                                    40     1   2  2  
 2 Dalton Prout             Roman Josi                                        30     1   2  2  
 3 Luke Witkowski           Oscar Klefbom                                     20     1   2  2  
 4 Brett Lebda              Kevin Marshall                                    10     1   2  2  

PowerPlay Forward 
   Center                   Left Wing                Right Wing               Time % Phy DF OF 
 1 Brian Sutherby           Mason Raymond            Tyler Kennedy            60     1   2  2  
 2 Erik Haula               Tim Kennedy              Spencer Machacek         40     1   2  2  

PowerPlay Defense
   Defense                  Defense                                           Time % Phy DF OF 
 1 Brett Lebda              Kevin Marshall                                    60     1   2  2  
 2 Dalton Prout             Roman Josi                                        40     1   2  2  

Penalty Kill 4 Players Forward 
   Center                   Wing                     Time % Phy DF OF 
 1 Brian Sutherby           Tyler Kennedy            60     1   2  2  
 2 Mason Raymond            Spencer Machacek         40     1   2  2  

Penalty Kill 4 Players Defense
   Defense                  Defense                  Time % Phy DF OF 
 1 Brett Lebda              Kevin Marshall           60     1   2  2  
 2 Dalton Prout             Roman Josi               40     1   2  2  

Penalty Kill - 3 Players Forward 
   Forward                                           Time % Phy DF OF 
 1 Brian Sutherby                                    60     1   2  2  
 2 Tyler Kennedy                                     40     1   2  2  

Penalty Kill - 3 Players Defense
   Defense                  Defense                  Time % Phy DF OF 
 1 Brett Lebda              Kevin Marshall           60     1   2  2  
 2 Dalton Prout             Roman Josi               40     1   2  2  

4 vs 4 Forward 
   Center                   Wing                     Time % Phy DF OF 
 1 Brian Sutherby           Tyler Kennedy            60     1   2  2  
 2 Mason Raymond            Spencer Machacek         40     1   2  2  

4 vs 4 Defense
   Defense                  Defense                  Time % Phy DF OF 
 1 Brett Lebda              Kevin Marshall           60     1   2  2  
 2 Dalton Prout             Roman Josi               40     1   2  2  

Last Minutes Offensive
   Center                   Left Wing                Right Wing               Defense                  Defense                  
   Brian Sutherby           Mason Raymond            Tyler Kennedy            Brett Lebda              Kevin Marshall           

Last Minutes Defensive
   Center                   Left Wing                Right Wing               Defense                  Defense                  
   Brian Sutherby           Mason Raymond            Tyler Kennedy            Brett Lebda              Kevin Marshall           

Goaltenders
Starting : Martin Jones             
Backup : Mike Smith               

Extra Forwards
Normal : Tyler Pitlick, Rhett Rakhshani, Juraj Mikus - PP : Tyler Pitlick, Rhett Rakhshani - PK : Juraj Mikus
Extra Defensemen
Normal : Luke Witkowski, Oscar Klefbom, Dalton Prout - PP : Luke Witkowski - PK : Oscar Klefbom, Dalton Prout
Penalty Shots
Brian Sutherby, Tyler Kennedy, Mason Raymond, Spencer Machacek, Erik Haula

Inferno

5 vs 5 Forward 
   Center                   Left Wing                Right Wing               Time % Phy DF OF 
 1 Mikhail Grabovski        Stephane Veilleux        Vladimir Zharkov         40     1   2  2  
 2 Vladimir Sobotka         David Ullstrom           Kyle Palmieri            30     1   2  2  
 3 Cal O'Reilly             Matt Kassian             Beau Bennett             20     1   2  2  
 4 Anders Lee               Matthew Nieto            Tyler Shattock           10     1   2  2  

5 vs 5 Defense 
   Defense                  Defense                                           Time % Phy DF OF 
 1 Brendan Mikkelson        Colby Robak                                       40     1   2  2  
 2 Sami Vatanen             Derek Peltier                                     30     1   2  2  
 3 Simon Danis-Pepin        Zach Redmond                                      20     1   2  2  
 4 Christian Folin          Mathieu Brodeur                                   10     1   2  2  

PowerPlay Forward 
   Center                   Left Wing                Right Wing               Time % Phy DF OF 
 1 Mikhail Grabovski        Stephane Veilleux        Vladimir Zharkov         60     1   2  2  
 2 Vladimir Sobotka         David Ullstrom           Kyle Palmieri            40     1   2  2  

PowerPlay Defense
   Defense                  Defense                                           Time % Phy DF OF 
 1 Brendan Mikkelson        Colby Robak                                       60     1   2  2  
 2 Sami Vatanen             Derek Peltier                                     40     1   2  2  

Penalty Kill 4 Players Forward 
   Center                   Wing                     Time % Phy DF OF 
 1 Mikhail Grabovski        Stephane Veilleux        60     1   2  2  
 2 Vladimir Sobotka         Vladimir Zharkov         40     1   2  2  

Penalty Kill 4 Players Defense
   Defense                  Defense                  Time % Phy DF OF 
 1 Brendan Mikkelson        Colby Robak              60     1   2  2  
 2 Sami Vatanen             Derek Peltier            40     1   2  2  

Penalty Kill - 3 Players Forward 
   Forward                                           Time % Phy DF OF 
 1 Mikhail Grabovski                                 60     1   2  2  
 2 Stephane Veilleux                                 40     1   2  2  

Penalty Kill - 3 Players Defense
   Defense                  Defense                  Time % Phy DF OF 
 1 Brendan Mikkelson        Colby Robak              60     1   2  2  
 2 Sami Vatanen             Derek Peltier            40     1   2  2  

4 vs 4 Forward 
   Center                   Wing                     Time % Phy DF OF 
 1 Mikhail Grabovski        Stephane Veilleux        60     1   2  2  
 2 Vladimir Sobotka         Vladimir Zharkov         40     1   2  2  

4 vs 4 Defense
   Defense                  Defense                  Time % Phy DF OF 
 1 Brendan Mikkelson        Colby Robak              60     1   2  2  
 2 Sami Vatanen             Derek Peltier            40     1   2  2  

Last Minutes Offensive
   Center                   Left Wing                Right Wing               Defense                  Defense                  
   Mikhail Grabovski        Stephane Veilleux        Vladimir Zharkov         Brendan Mikkelson        Colby Robak              

Last Minutes Defensive
   Center                   Left Wing                Right Wing               Defense                  Defense                  
   Mikhail Grabovski        Stephane Veilleux        Vladimir Zharkov         Brendan Mikkelson        Colby Robak              

Goaltenders
Starting : Josh Harding             
Backup : Michael Hutchinson       

Extra Forwards
Normal : Victor Rask, Chris Brown, Ryan Spooner - PP : Victor Rask, Chris Brown - PK : Ryan Spooner
Extra Defensemen
Normal : Luca Sbisa, Frank Corrado, Simon Danis-Pepin - PP : Luca Sbisa - PK : Frank Corrado, Simon Danis-Pepin
Penalty Shots
Mikhail Grabovski, Stephane Veilleux, Vladimir Sobotka, Vladimir Zharkov, Cal O'Reilly

% Time on Ice - Saguenéens

Lines # - Real PCT - Wanted PCT - Time Play
Normal Forward
1 - 34% - 40% - 16:13
2 - 27% - 30% - 12:52
3 - 25% - 20% - 12:14
4 - 14% - 10% - 6:50
Normal Defense
1 - 42% - 40% - 19:59
2 - 34% - 30% - 16:11
3 - 22% - 20% - 10:23
4 - 3% - 10% - 1:36
PP Forward
1 - 60% - 60% - 4:15
2 - 40% - 40% - 2:50
PP Defense
1 - 56% - 60% - 3:59
2 - 44% - 40% - 3:06
PK Forward
1 - 76% - 60% - 2:43
2 - 24% - 40% - 0:52
PK Defense
1 - 53% - 60% - 1:55
2 - 47% - 40% - 1:40
PK3 Forward
1 - 87% - 60% - 1:02
2 - 13% - 40% - 0:09
PK3 Defense
1 - 49% - 60% - 0:35
2 - 51% - 40% - 0:36
44 Forward
1 - 0% - 60%
2 - 0% - 40%
44 Defense
1 - 0% - 60%
2 - 0% - 40%
Last Minute Offensive  - 0:00
Last Minute Defensive  - 0:00
Total
Forward - 60:00
Defense - 60:00

% Time on Ice - Inferno

Lines # - Real PCT - Wanted PCT - Time Play
Normal Forward
1 - 35% - 40% - 16:44
2 - 26% - 30% - 12:42
3 - 25% - 20% - 12:09
4 - 14% - 10% - 6:34
Normal Defense
1 - 39% - 40% - 18:41
2 - 32% - 30% - 15:25
3 - 21% - 20% - 10:06
4 - 8% - 10% - 3:57
PP Forward
1 - 53% - 60% - 2:32
2 - 47% - 40% - 2:14
PP Defense
1 - 62% - 60% - 2:56
2 - 38% - 40% - 1:50
PK Forward
1 - 69% - 60% - 4:52
2 - 31% - 40% - 2:13
PK Defense
1 - 69% - 60% - 4:52
2 - 31% - 40% - 2:13
PK3 Forward
1 - 0% - 60%
2 - 0% - 40%
PK3 Defense
1 - 0% - 60%
2 - 0% - 40%
44 Forward
1 - 0% - 60%
2 - 0% - 40%
44 Defense
1 - 0% - 60%
2 - 0% - 40%
Last Minute Offensive  - 0:00
Last Minute Defensive  - 0:00
Total
Forward - 60:00
Defense - 60:00

Play by Play

1st period


0:01 of 1st period - Mikhail Grabovski wins face-off versus Erik Haula in neutral zone.
0:35 of 1st period - Wrist shot by Brian Sutherby.
0:35 of 1st period - Shot Misses the Net.
0:55 of 1st period - Slapshot by Roman Josi.
0:55 of 1st period - Shot Misses the Net.
0:57 of 1st period - Snap shot by Roman Josi.
0:57 of 1st period - Stopped by Josh Harding without a rebound.
0:58 of 1st period - Anders Lee wins face-off versus Rickard Rakell in Inferno zone.
0:58 of 1st period - Anders Lee is hit by Rickard Rakell.
1:12 of 1st period - Slapshot by Anders Lee.
1:12 of 1st period - Shot Misses the Net.
1:14 of 1st period - Slapshot by Sami Vatanen.
1:14 of 1st period - Stopped by Martin Jones with a rebound.
1:23 of 1st period - Icing by Sami Vatanen.
1:24 of 1st period - Mikhail Grabovski wins face-off versus Erik Haula in Inferno zone.
1:37 of 1st period - Wrist shot by Vladimir Zharkov.
1:37 of 1st period - Deflect By Mikhail Grabovski.
1:37 of 1st period - Shot Misses the Net.
1:37 of 1st period - Puck is out of play.
1:38 of 1st period - Brian Sutherby wins face-off versus Cal O'Reilly in Saguenéens zone.
1:43 of 1st period - Snap shot by Spencer Machacek.
1:43 of 1st period - Stopped by Josh Harding with a rebound.
1:47 of 1st period - Snap shot by Spencer Machacek.
1:47 of 1st period - Stopped by Josh Harding with a rebound.
1:49 of 1st period - Snap shot by Brian Sutherby.
1:49 of 1st period - Shot Misses the Net.
2:28 of 1st period - Wrist shot by Mikhail Grabovski.
2:28 of 1st period - Stopped by Martin Jones without a rebound.
2:29 of 1st period - Brian Sutherby wins face-off versus Mikhail Grabovski in Saguenéens zone.
2:29 of 1st period - Brian Sutherby is hit by Vladimir Zharkov.
2:37 of 1st period - Wrist shot by Brian Sutherby.
2:37 of 1st period - Stopped by Josh Harding with a rebound.
2:39 of 1st period - Wrist shot by Spencer Machacek.
2:39 of 1st period - Stopped by Josh Harding with a rebound.
2:45 of 1st period - Slapshot by Spencer Machacek.
2:45 of 1st period - Shot Misses the Net.
2:55 of 1st period - Tyler Kennedy is hit by Vladimir Sobotka and loses puck.
4:05 of 1st period - Snap shot by Spencer Machacek.
4:05 of 1st period - Deflect By Brian Sutherby.
4:05 of 1st period - Stopped by Josh Harding with a rebound.
4:07 of 1st period - Snap shot by Brian Sutherby.
4:07 of 1st period - Deflect By Tim Kennedy.
4:07 of 1st period - Shot Blocked by Anders Lee.
4:07 of 1st period - Puck is out of play.
4:08 of 1st period - Erik Haula wins face-off versus Mikhail Grabovski in Inferno zone.
4:15 of 1st period - Slapshot by Mason Raymond.
4:15 of 1st period - Shot Blocked by Sami Vatanen.
4:17 of 1st period - Snap shot by Dalton Prout.
4:17 of 1st period - Shot Misses the Net.
4:19 of 1st period - Wrist shot by Mason Raymond.
4:19 of 1st period - Shot Misses the Net.
5:31 of 1st period - Minor Penalty to Anders Lee for Tripping.
5:32 of 1st period - Brian Sutherby wins face-off versus Mikhail Grabovski in Inferno zone.
5:35 of 1st period - Wrist shot by Tyler Kennedy.
5:35 of 1st period - Shot Blocked by Brendan Mikkelson.
5:37 of 1st period - Slapshot by Brian Sutherby.
5:37 of 1st period - Shot Misses the Net.
7:12 of 1st period - Stephane Veilleux is hit by Brett Lebda and loses puck.
7:30 of 1st period - Icing by Spencer Machacek.
7:31 of 1st period - Penalty to Anders Lee is over, Anders Lee is back on ice.
7:31 of 1st period - Cal O'Reilly wins face-off versus Erik Haula in Saguenéens zone.
7:38 of 1st period - Wrist shot by Beau Bennett.
7:38 of 1st period - Stopped by Martin Jones with a rebound.
8:02 of 1st period - Snap shot by Kyle Palmieri.
8:02 of 1st period - Stopped by Martin Jones without a rebound.
8:03 of 1st period - Matt Kassian wins face-off versus Rickard Rakell in Saguenéens zone.
8:10 of 1st period - Wrist shot by Matt Kassian.
8:10 of 1st period - Shot Misses the Net.
8:16 of 1st period - Wrist shot by Beau Bennett.
8:16 of 1st period - Stopped by Martin Jones with a rebound.
9:22 of 1st period - Slapshot by Mikhail Grabovski.
9:22 of 1st period - Shot Misses the Net.
9:31 of 1st period - Icing by Stephane Veilleux.
9:32 of 1st period - Brian Sutherby wins face-off versus Cal O'Reilly in Inferno zone.
9:48 of 1st period - Cal O'Reilly is hit by Spencer Machacek.
9:57 of 1st period - Matt Kassian is hit by Brian Sutherby and loses puck.
10:23 of 1st period - Cal O'Reilly is hit by Brett Lebda and loses puck.
10:56 of 1st period - Backhand shot by Brian Sutherby.
10:56 of 1st period - Stopped by Josh Harding with a rebound.
11:04 of 1st period - Brian Sutherby is hit by Beau Bennett and loses puck.
11:33 of 1st period - Tim Kennedy is hit by Cal O'Reilly and loses puck.
11:40 of 1st period - Matt Kassian is hit by Spencer Machacek and loses puck.
11:55 of 1st period - Slapshot by Sami Vatanen.
11:55 of 1st period - Deflect By Brian Sutherby.
11:55 of 1st period - Stopped by Martin Jones with a rebound.
12:11 of 1st period - Off-side.
12:12 of 1st period - Mikhail Grabovski wins face-off versus Tyler Kennedy in neutral zone.
12:17 of 1st period - Wrist shot by Mikhail Grabovski.
12:17 of 1st period - Shot Misses the Net.
12:19 of 1st period - Wrist shot by Mikhail Grabovski.
12:19 of 1st period - Shot Misses the Net.
12:21 of 1st period - Wrist shot by Mikhail Grabovski.
12:21 of 1st period - Stopped by Martin Jones with a rebound.
12:23 of 1st period - Slapshot by Colby Robak.
12:23 of 1st period - Shot Blocked by Erik Haula.
12:37 of 1st period - David Ullstrom is hit by Tyler Pitlick and loses puck.
13:07 of 1st period - Snap shot by Anders Lee.
13:07 of 1st period - Stopped by Martin Jones without a rebound.
13:08 of 1st period - Erik Haula wins face-off versus Mikhail Grabovski in Saguenéens zone.
13:14 of 1st period - Minor Penalty to Vladimir Zharkov for Cross-checking.
13:15 of 1st period - Mikhail Grabovski wins face-off versus Tyler Pitlick in Inferno zone.
14:24 of 1st period - Icing by Tyler Kennedy.
14:25 of 1st period - Vladimir Sobotka wins face-off versus Rhett Rakhshani in Saguenéens zone.
14:26 of 1st period - Wrist shot by Colby Robak.
14:26 of 1st period - Stopped by Martin Jones with a rebound.
15:14 of 1st period - Penalty to Vladimir Zharkov is over, Vladimir Zharkov is back on ice.
15:14 of 1st period - Brett Lebda is hit by Brendan Mikkelson and loses puck.
16:41 of 1st period - Tim Kennedy is hit by Anders Lee and loses puck.
16:54 of 1st period - Matt Kassian is hit by Craig Cunningham and loses puck.
18:26 of 1st period - Wrist shot by Vladimir Sobotka.
18:26 of 1st period - Shot Misses the Net.
19:34 of 1st period - Off-side.
19:35 of 1st period - Vladimir Sobotka wins face-off versus Juraj Mikus in neutral zone.
19:46 of 1st period - Vladimir Sobotka is hit by Craig Cunningham and loses puck.
Goals for this period are 0 for Saguenéens vs 0 for Inferno.
Shots for this period are 7 for Saguenéens vs 9 for Inferno.

2nd period


0:01 of 2nd period - Erik Haula wins face-off versus Stephane Veilleux in neutral zone.
0:06 of 2nd period - Backhand shot by Tyler Kennedy.
0:06 of 2nd period - Stopped by Josh Harding with a rebound.
0:12 of 2nd period - Mason Raymond is hit by Vladimir Zharkov and loses puck.
0:25 of 2nd period - Brendan Mikkelson is hit by Juraj Mikus and loses puck.
0:36 of 2nd period - Wrist shot by Juraj Mikus.
0:36 of 2nd period - Stopped by Josh Harding with a rebound.
1:17 of 2nd period - Slapshot by Roman Josi.
1:17 of 2nd period - Shot Misses the Net.
1:29 of 2nd period - Stephane Veilleux is hit by Spencer Machacek and loses puck.
2:52 of 2nd period - Snap shot by Vladimir Sobotka.
2:52 of 2nd period - Goal by Vladimir Sobotka - Saguenéens : 0 - Inferno : 1.
2:53 of 2nd period - Brian Sutherby wins face-off versus Mikhail Grabovski in neutral zone.
2:58 of 2nd period - Snap shot by Brett Lebda.
2:58 of 2nd period - Stopped by Josh Harding without a rebound.
2:59 of 2nd period - Mikhail Grabovski wins face-off versus Brian Sutherby in Inferno zone.
3:23 of 2nd period - Wrist shot by Mikhail Grabovski.
3:23 of 2nd period - Deflect By Spencer Machacek.
3:23 of 2nd period - Stopped by Martin Jones without a rebound.
3:24 of 2nd period - David Ullstrom wins face-off versus Erik Haula in Saguenéens zone.
3:27 of 2nd period - Snap shot by Vladimir Sobotka.
3:27 of 2nd period - Stopped by Martin Jones without a rebound.
3:28 of 2nd period - Vladimir Sobotka wins face-off versus Erik Haula in Saguenéens zone.
3:35 of 2nd period - Dalton Prout is hit by David Ullstrom and loses puck.
3:54 of 2nd period - Stephane Veilleux is hit by Spencer Machacek and loses puck.
4:54 of 2nd period - Slapshot by Mikhail Grabovski.
4:54 of 2nd period - Stopped by Martin Jones without a rebound.
4:55 of 2nd period - Erik Haula wins face-off versus Mikhail Grabovski in Saguenéens zone.
5:06 of 2nd period - Snap shot by Stephane Veilleux.
5:06 of 2nd period - Stopped by Martin Jones without a rebound.
5:07 of 2nd period - Mikhail Grabovski wins face-off versus Erik Haula in Saguenéens zone.
5:08 of 2nd period - Backhand shot by Vladimir Zharkov.
5:08 of 2nd period - Stopped by Martin Jones with a rebound.
5:32 of 2nd period - Spencer Machacek is hit by Kyle Palmieri and loses puck.
5:41 of 2nd period - Wrist shot by David Ullstrom.
5:41 of 2nd period - Shot Misses the Net.
5:43 of 2nd period - Slapshot by Sami Vatanen.
5:43 of 2nd period - Stopped by Martin Jones without a rebound.
5:44 of 2nd period - Erik Haula wins face-off versus Mikhail Grabovski in Saguenéens zone.
5:57 of 2nd period - Snap shot by Mason Raymond.
5:57 of 2nd period - Stopped by Josh Harding with a rebound.
6:23 of 2nd period - Snap shot by Brian Sutherby.
6:23 of 2nd period - Stopped by Josh Harding with a rebound.
6:29 of 2nd period - Minor Penalty to Colby Robak for Hooking.
6:30 of 2nd period - Mikhail Grabovski wins face-off versus Tyler Kennedy in Inferno zone.
6:39 of 2nd period - Snap shot by Stephane Veilleux.
6:39 of 2nd period - Deflect By Mikhail Grabovski.
6:39 of 2nd period - Stopped by Martin Jones without a rebound.
6:40 of 2nd period - Brian Sutherby wins face-off versus Mikhail Grabovski in Saguenéens zone.
6:57 of 2nd period - Wrist shot by Tyler Kennedy.
6:57 of 2nd period - Shot Blocked by Brendan Mikkelson.
7:19 of 2nd period - Wrist shot by Mikhail Grabovski.
7:19 of 2nd period - Shot Misses the Net.
7:21 of 2nd period - Wrist shot by Stephane Veilleux.
7:21 of 2nd period - Shot Misses the Net.
7:33 of 2nd period - Slapshot by Stephane Veilleux.
7:33 of 2nd period - Stopped by Martin Jones without a rebound.
7:34 of 2nd period - Vladimir Sobotka wins face-off versus Erik Haula in Saguenéens zone.
7:41 of 2nd period - Erik Haula is hit by Derek Peltier and loses puck.
8:16 of 2nd period - Dalton Prout is hit by Simon Danis-Pepin and loses puck.
8:29 of 2nd period - Penalty to Colby Robak is over, Colby Robak is back on ice.
8:39 of 2nd period - Mathieu Brodeur is hit by Juraj Mikus and loses puck.
9:06 of 2nd period - Slapshot by Brett Lebda.
9:06 of 2nd period - Stopped by Josh Harding without a rebound.
9:07 of 2nd period - Juraj Mikus wins face-off versus Vladimir Sobotka in Inferno zone.
9:08 of 2nd period - Snap shot by Tyler Pitlick.
9:08 of 2nd period - Shot Misses the Net.
9:18 of 2nd period - Wrist shot by Vladimir Sobotka.
9:18 of 2nd period - Stopped by Martin Jones with a rebound.
9:20 of 2nd period - Slapshot by Derek Peltier.
9:20 of 2nd period - Stopped by Martin Jones with a rebound.
9:22 of 2nd period - Slapshot by Sami Vatanen.
9:22 of 2nd period - Shot Blocked by Craig Cunningham.
9:39 of 2nd period - Snap shot by Mikhail Grabovski.
9:39 of 2nd period - Shot Misses the Net.
9:41 of 2nd period - Slapshot by Derek Peltier.
9:41 of 2nd period - Stopped by Martin Jones with a rebound.
10:03 of 2nd period - Wrist shot by Rhett Rakhshani.
10:03 of 2nd period - Shot Blocked by Colby Robak.
10:21 of 2nd period - Wrist shot by Beau Bennett.
10:21 of 2nd period - Shot Misses the Net.
10:23 of 2nd period - Slapshot by Colby Robak.
10:23 of 2nd period - Shot Blocked by Dalton Prout.
10:39 of 2nd period - Wrist shot by Vladimir Sobotka.
10:39 of 2nd period - Stopped by Martin Jones without a rebound.
10:40 of 2nd period - Vladimir Zharkov wins face-off versus Erik Haula in Saguenéens zone.
11:07 of 2nd period - Kyle Palmieri is hit by Brett Lebda and loses puck.
11:16 of 2nd period - Snap shot by Brian Sutherby.
11:16 of 2nd period - Shot Misses the Net.
11:32 of 2nd period - Snap shot by Tyler Pitlick.
11:32 of 2nd period - Stopped by Josh Harding with a rebound.
11:34 of 2nd period - Backhand shot by Dalton Prout.
11:34 of 2nd period - Stopped by Josh Harding with a rebound.
11:36 of 2nd period - Slapshot by Dalton Prout.
11:36 of 2nd period - Deflect By Craig Cunningham.
11:36 of 2nd period - Shot Misses the Net.
11:36 of 2nd period - Puck is out of play.
11:37 of 2nd period - Mason Raymond wins face-off versus Mikhail Grabovski in Inferno zone.
11:40 of 2nd period - Slapshot by Mason Raymond.
11:40 of 2nd period - Shot Misses the Net.
12:07 of 2nd period - Slapshot by Brett Lebda.
12:07 of 2nd period - Stopped by Josh Harding without a rebound.
12:08 of 2nd period - Erik Haula wins face-off versus Mikhail Grabovski in Inferno zone.
12:15 of 2nd period - Snap shot by Mason Raymond.
12:15 of 2nd period - Stopped by Josh Harding with a rebound.
12:33 of 2nd period - Kyle Palmieri is hit by Juraj Mikus and loses puck.
12:38 of 2nd period - Wrist shot by Craig Cunningham.
12:38 of 2nd period - Shot Misses the Net.
12:42 of 2nd period - Wrist shot by Juraj Mikus.
12:42 of 2nd period - Stopped by Josh Harding with a rebound.
12:44 of 2nd period - Wrist shot by Tyler Pitlick.
12:44 of 2nd period - Stopped by Josh Harding with a rebound.
12:46 of 2nd period - Snap shot by Tyler Pitlick.
12:46 of 2nd period - Stopped by Josh Harding without a rebound.
12:47 of 2nd period - Mikhail Grabovski wins face-off versus Mason Raymond in Inferno zone.
13:12 of 2nd period - Roman Josi is hit by Beau Bennett and loses puck.
13:17 of 2nd period - Snap shot by Cal O'Reilly.
13:17 of 2nd period - Shot Misses the Net.
13:19 of 2nd period - Slapshot by Simon Danis-Pepin.
13:19 of 2nd period - Shot Blocked by Roman Josi.
13:21 of 2nd period - Slapshot by Simon Danis-Pepin.
13:21 of 2nd period - Stopped by Martin Jones without a rebound.
13:22 of 2nd period - Mikhail Grabovski wins face-off versus Brian Sutherby in Saguenéens zone.
13:47 of 2nd period - Craig Cunningham is hit by Kyle Palmieri and loses puck.
14:43 of 2nd period - Colby Robak is hit by Luke Witkowski.
14:53 of 2nd period - Stephane Veilleux is hit by Tim Kennedy.
15:05 of 2nd period - Wrist shot by Spencer Machacek.
15:05 of 2nd period - Shot Misses the Net.
15:25 of 2nd period - Snap shot by Vladimir Sobotka.
15:25 of 2nd period - Shot Misses the Net.
15:32 of 2nd period - Icing by Dalton Prout.
15:33 of 2nd period - Cal O'Reilly wins face-off versus Teemu Pulkkinen in Saguenéens zone.
15:44 of 2nd period - Icing by Rhett Rakhshani.
15:45 of 2nd period - Mikhail Grabovski wins face-off versus Rickard Rakell in Saguenéens zone.
15:46 of 2nd period - Wrist shot by Vladimir Zharkov.
15:46 of 2nd period - Deflect By Stephane Veilleux.
15:46 of 2nd period - Shot Misses the Net.
15:46 of 2nd period - Puck is out of play.
15:47 of 2nd period - Mikhail Grabovski wins face-off versus Erik Haula in Saguenéens zone.
15:48 of 2nd period - Snap shot by Vladimir Zharkov.
15:48 of 2nd period - Deflect By Mikhail Grabovski.
15:48 of 2nd period - Stopped by Martin Jones with a rebound.
16:02 of 2nd period - Snap shot by Tyler Kennedy.
16:02 of 2nd period - Stopped by Josh Harding with a rebound.
16:45 of 2nd period - Slapshot by Rickard Rakell.
16:45 of 2nd period - Shot Misses the Net.
16:47 of 2nd period - Snap shot by Dalton Prout.
16:47 of 2nd period - Deflect By Sami Vatanen.
16:47 of 2nd period - Stopped by Josh Harding without a rebound.
16:48 of 2nd period - Erik Haula wins face-off versus Vladimir Sobotka in Inferno zone.
16:53 of 2nd period - Wrist shot by Tyler Kennedy.
16:53 of 2nd period - Goal by Tyler Kennedy - Saguenéens : 1 - Inferno : 1.
16:54 of 2nd period - Mason Raymond wins face-off versus Vladimir Sobotka in neutral zone.
17:26 of 2nd period - Brett Lebda is hit by Matt Kassian and loses puck.
18:04 of 2nd period - Slapshot by Rickard Rakell.
18:04 of 2nd period - Shot Misses the Net.
18:06 of 2nd period - Minor Penalty to Christian Folin for Hooking.
18:07 of 2nd period - Brian Sutherby wins face-off versus Mikhail Grabovski in Inferno zone.
18:12 of 2nd period - Wrist shot by Brian Sutherby.
18:12 of 2nd period - Deflect By Tyler Kennedy.
18:12 of 2nd period - Shot Misses the Net.
18:12 of 2nd period - Puck is out of play.
18:13 of 2nd period - Brian Sutherby wins face-off versus Mikhail Grabovski in Inferno zone.
18:25 of 2nd period - Snap shot by Mikhail Grabovski.
18:25 of 2nd period - Shot Misses the Net.
18:27 of 2nd period - Snap shot by Stephane Veilleux.
18:27 of 2nd period - Shot Misses the Net.
18:29 of 2nd period - Wrist shot by Stephane Veilleux.
18:29 of 2nd period - Stopped by Martin Jones with a rebound.
18:40 of 2nd period - Off-side.
18:41 of 2nd period - Erik Haula wins face-off versus Vladimir Sobotka in neutral zone.
18:44 of 2nd period - Snap shot by Erik Haula.
18:44 of 2nd period - Shot Misses the Net.
19:14 of 2nd period - Backhand shot by Brett Lebda.
19:14 of 2nd period - Goal by Brett Lebda - Saguenéens : 2 - Inferno : 1.
19:15 of 2nd period - Stephane Veilleux wins face-off versus Mason Raymond in neutral zone.
19:29 of 2nd period - Off-side.
19:30 of 2nd period - Vladimir Sobotka wins face-off versus Erik Haula in neutral zone.
19:41 of 2nd period - Wrist shot by Vladimir Sobotka.
19:41 of 2nd period - Shot Misses the Net.
19:43 of 2nd period - Wrist shot by Vladimir Sobotka.
19:43 of 2nd period - Goal by Vladimir Sobotka - Saguenéens : 2 - Inferno : 2.
19:44 of 2nd period - Mikhail Grabovski wins face-off versus Erik Haula in neutral zone.
Goals for this period are 2 for Saguenéens vs 2 for Inferno.
Shots for this period are 17 for Saguenéens vs 17 for Inferno.

3rd period


0:01 of 3rd period - Vladimir Zharkov wins face-off versus Erik Haula in neutral zone.
0:37 of 3rd period - Slapshot by Mikhail Grabovski.
0:37 of 3rd period - Stopped by Martin Jones with a rebound.
0:43 of 3rd period - Wrist shot by Stephane Veilleux.
0:43 of 3rd period - Shot Misses the Net.
0:45 of 3rd period - Slapshot by Sami Vatanen.
0:45 of 3rd period - Shot Misses the Net.
0:47 of 3rd period - Wrist shot by Stephane Veilleux.
0:47 of 3rd period - Deflect By Craig Cunningham.
0:47 of 3rd period - Stopped by Martin Jones with a rebound.
1:19 of 3rd period - Wrist shot by Mikhail Grabovski.
1:19 of 3rd period - Shot Misses the Net.
1:23 of 3rd period - Snap shot by Vladimir Zharkov.
1:23 of 3rd period - Stopped by Martin Jones with a rebound.
1:25 of 3rd period - Snap shot by Vladimir Zharkov.
1:25 of 3rd period - Stopped by Martin Jones with a rebound.
1:31 of 3rd period - Snap shot by Stephane Veilleux.
1:31 of 3rd period - Stopped by Martin Jones with a rebound.
1:33 of 3rd period - Snap shot by Mikhail Grabovski.
1:33 of 3rd period - Stopped by Martin Jones with a rebound.
1:35 of 3rd period - Slapshot by Mikhail Grabovski.
1:35 of 3rd period - Deflect By Stephane Veilleux.
1:35 of 3rd period - Stopped by Martin Jones without a rebound.
1:36 of 3rd period - Erik Haula wins face-off versus Vladimir Sobotka in Saguenéens zone.
1:49 of 3rd period - Snap shot by Tyler Kennedy.
1:49 of 3rd period - Shot Misses the Net.
1:51 of 3rd period - Backhand shot by Erik Haula.
1:51 of 3rd period - Stopped by Josh Harding with a rebound.
3:24 of 3rd period - Minor Penalty to Teemu Pulkkinen for Holding.
3:25 of 3rd period - Brian Sutherby wins face-off versus Vladimir Sobotka in Saguenéens zone.
3:50 of 3rd period - Dalton Prout is hit by Vladimir Zharkov and loses puck.
4:46 of 3rd period - Spencer Machacek is hit by Kyle Palmieri and loses puck.
5:24 of 3rd period - Penalty to Teemu Pulkkinen is over, Teemu Pulkkinen is back on ice.
5:32 of 3rd period - Wrist shot by Craig Cunningham.
5:32 of 3rd period - Goal by Craig Cunningham - Saguenéens : 3 - Inferno : 2.
5:33 of 3rd period - Erik Haula wins face-off versus Cal O'Reilly in neutral zone.
5:48 of 3rd period - Wrist shot by Tyler Kennedy.
5:48 of 3rd period - Shot Blocked by Beau Bennett.
5:58 of 3rd period - Beau Bennett is hit by Kevin Marshall and loses puck.
6:07 of 3rd period - Wrist shot by Tyler Pitlick.
6:07 of 3rd period - Stopped by Josh Harding without a rebound.
6:08 of 3rd period - Mikhail Grabovski wins face-off versus Erik Haula in Inferno zone.
6:16 of 3rd period - Icing by Stephane Veilleux.
6:17 of 3rd period - Mikhail Grabovski wins face-off versus Erik Haula in Inferno zone.
6:46 of 3rd period - Slapshot by Brendan Mikkelson.
6:46 of 3rd period - Deflect By Mikhail Grabovski.
6:46 of 3rd period - Stopped by Martin Jones without a rebound.
6:47 of 3rd period - Brian Sutherby wins face-off versus Vladimir Sobotka in Saguenéens zone.
7:46 of 3rd period - Backhand shot by Mason Raymond.
7:46 of 3rd period - Shot Blocked by Mikhail Grabovski.
7:48 of 3rd period - Snap shot by Tyler Kennedy.
7:48 of 3rd period - Shot Blocked by Brendan Mikkelson.
7:50 of 3rd period - Slapshot by Dalton Prout.
7:50 of 3rd period - Stopped by Josh Harding without a rebound.
7:51 of 3rd period - Erik Haula wins face-off versus Vladimir Sobotka in Inferno zone.
8:45 of 3rd period - Luke Witkowski is hit by Matt Kassian and loses puck.
8:54 of 3rd period - Wrist shot by Beau Bennett.
8:54 of 3rd period - Stopped by Martin Jones without a rebound.
8:55 of 3rd period - Erik Haula wins face-off versus Mikhail Grabovski in Saguenéens zone.
9:29 of 3rd period - Snap shot by Sami Vatanen.
9:29 of 3rd period - Stopped by Martin Jones with a rebound.
9:58 of 3rd period - Minor Penalty to Juraj Mikus for Hooking.
9:59 of 3rd period - Brian Sutherby wins face-off versus Mikhail Grabovski in Saguenéens zone.
10:35 of 3rd period - Slapshot by Brendan Mikkelson.
10:35 of 3rd period - Stopped by Martin Jones with a rebound.
10:46 of 3rd period - Minor Penalty to Mason Raymond for High sticking.
10:47 of 3rd period - Brian Sutherby wins face-off versus Mikhail Grabovski in Saguenéens zone.
10:59 of 3rd period - Slapshot by Sami Vatanen.
10:59 of 3rd period - Stopped by Martin Jones with a rebound.
11:01 of 3rd period - Wrist shot by Mikhail Grabovski.
11:01 of 3rd period - Stopped by Martin Jones with a rebound.
11:03 of 3rd period - Wrist shot by Vladimir Zharkov.
11:03 of 3rd period - Shot Blocked by Dalton Prout.
11:17 of 3rd period - Slapshot by Roman Josi.
11:17 of 3rd period - Shot Blocked by Colby Robak.
11:58 of 3rd period - Penalty to Juraj Mikus is over, Juraj Mikus is back on ice.
12:33 of 3rd period - Snap shot by Spencer Machacek.
12:33 of 3rd period - Deflect By Kyle Palmieri.
12:33 of 3rd period - Goal by Spencer Machacek - Saguenéens : 4 - Inferno : 2.
12:34 of 3rd period - Brian Sutherby wins face-off versus Mikhail Grabovski in neutral zone.
12:39 of 3rd period - Wrist shot by Tyler Kennedy.
12:39 of 3rd period - Stopped by Josh Harding with a rebound.
12:45 of 3rd period - Wrist shot by Vladimir Zharkov.
12:45 of 3rd period - Deflect By Tyler Kennedy.
12:45 of 3rd period - Stopped by Martin Jones with a rebound.
12:46 of 3rd period - Penalty to Mason Raymond is over, Mason Raymond is back on ice.
13:13 of 3rd period - Wrist shot by Brian Sutherby.
13:13 of 3rd period - Shot Blocked by Matt Kassian.
13:15 of 3rd period - Slapshot by Brett Lebda.
13:15 of 3rd period - Stopped by Josh Harding without a rebound.
13:16 of 3rd period - Juraj Mikus wins face-off versus Mikhail Grabovski in Inferno zone.
13:17 of 3rd period - Slapshot by Oscar Klefbom.
13:17 of 3rd period - Shot Blocked by Mikhail Grabovski.
13:19 of 3rd period - Snap shot by Craig Cunningham.
13:19 of 3rd period - Stopped by Josh Harding with a rebound.
13:21 of 3rd period - Slapshot by Tyler Pitlick.
13:21 of 3rd period - Shot Blocked by Derek Peltier.
13:23 of 3rd period - Snap shot by Luke Witkowski.
13:23 of 3rd period - Shot Blocked by Mikhail Grabovski.
13:25 of 3rd period - Snap shot by Craig Cunningham.
13:25 of 3rd period - Stopped by Josh Harding with a rebound.
13:29 of 3rd period - Snap shot by Juraj Mikus.
13:29 of 3rd period - Shot Misses the Net.
13:31 of 3rd period - Wrist shot by Juraj Mikus.
13:31 of 3rd period - Shot Blocked by Derek Peltier.
13:41 of 3rd period - Mikhail Grabovski is hit by Rickard Rakell and loses puck.
14:19 of 3rd period - Off-side.
14:20 of 3rd period - Brian Sutherby wins face-off versus Anders Lee in neutral zone.
15:06 of 3rd period - Off-side.
15:07 of 3rd period - Erik Haula wins face-off versus Vladimir Sobotka in neutral zone.
15:21 of 3rd period - Snap shot by Roman Josi.
15:21 of 3rd period - Shot Blocked by David Ullstrom.
15:23 of 3rd period - Snap shot by Tyler Kennedy.
15:23 of 3rd period - Shot Blocked by David Ullstrom.
15:41 of 3rd period - Snap shot by Kyle Palmieri.
15:41 of 3rd period - Shot Misses the Net.
15:47 of 3rd period - David Ullstrom is hit by Luke Witkowski and loses puck.
15:58 of 3rd period - Wrist shot by Stephane Veilleux.
15:58 of 3rd period - Stopped by Martin Jones with a rebound.
16:36 of 3rd period - Brendan Mikkelson is hit by Spencer Machacek and loses puck.
17:32 of 3rd period - Off-side.
17:33 of 3rd period - Rickard Rakell wins face-off versus Cal O'Reilly in neutral zone.
18:00 of 3rd period - Sami Vatanen is hit by Brett Lebda and loses puck.
18:21 of 3rd period - Slapshot by Brett Lebda.
18:21 of 3rd period - Stopped by Josh Harding without a rebound.
18:22 of 3rd period - Juraj Mikus wins face-off versus Vladimir Sobotka in Inferno zone.
18:23 of 3rd period - Slapshot by Roman Josi.
18:23 of 3rd period - Stopped by Josh Harding with a rebound.
18:25 of 3rd period - Wrist shot by Craig Cunningham.
18:25 of 3rd period - Stopped by Josh Harding with a rebound.
18:27 of 3rd period - Slapshot by Dalton Prout.
18:27 of 3rd period - Stopped by Josh Harding with a rebound.
18:31 of 3rd period - Wrist shot by Juraj Mikus.
18:31 of 3rd period - Shot Misses the Net.
18:33 of 3rd period - Slapshot by Dalton Prout.
18:33 of 3rd period - Shot Misses the Net.
18:35 of 3rd period - Slapshot by Roman Josi.
18:35 of 3rd period - Shot Misses the Net.
18:37 of 3rd period - Snap shot by Craig Cunningham.
18:37 of 3rd period - Stopped by Josh Harding without a rebound.
18:38 of 3rd period - Erik Haula wins face-off versus Stephane Veilleux in Inferno zone.
19:05 of 3rd period - Simon Danis-Pepin is hit by Tyler Pitlick and loses puck.
Goals for this period are 2 for Saguenéens vs 0 for Inferno.
Shots for this period are 14 for Saguenéens vs 15 for Inferno.